 Dungeon Crawl Stone Soup version 0.27.0-1-g7a089689b8 (console) character file.

Game seed: 2041611695278000605

34934 FIQ the Carver (level 13, -3/111 HPs)
             Began as a Vine Stalker Berserker on Aug 3, 2021.
             Was a High Priest of Trog.
             Slain by a lindwurm (7 damage)
             ... summoned by Kirke
             ... on level 6 of the Lair of Beasts.
             The game lasted 00:30:42 (11759 turns).

FIQ the Carver (Vine Stalker Berserker)            Turns: 11759, Time: 00:30:43

Health: -3/111     AC:  0    Str: 25    XL:     13   Next: 80%
Magic:  0/14       EV: 19    Int:  7    God:    Trog [*****.]
Gold:   763        SH:  0    Dex: 14    Spells: 12/12 levels left

rFire    . . .     SeeInvis .   (weapon currently unavailable)
rCold    . . .     Faith    +   (shield currently unavailable)
rNeg     . . .     Spirit   +   (armour currently unavailable)
rPois    .         Reflect  .   (helmet currently unavailable)
rElec    .         Harm     .   (cloak currently unavailable)
rCorr    .         Rampage  .   (gloves currently unavailable)
Will     +....                  (boots currently unavailable)
Stlth    ..........             B - amulet of faith
HPRegen  1.28/turn              (ring currently unavailable)
MPRegen  0.14/turn              (ring currently unavailable)

@: berserking (expiring), pig-form, frozen, very quick
A: fast, no casting, small, (fangs 3), regeneration 1, magic shield, (antimagic
bite), no potion heal 2
a: Renounce Religion, Berserk, Trog's Hand, Brothers in Arms


You were on level 6 of the Lair of Beasts.
You worshipped Trog.
Trog was extremely pleased with you.
You were a filthy swine.
You visited 3 branches of the dungeon, and saw 15 of its levels.

You collected 763 gold pieces.

Inventory:

Hand Weapons
 a - a +6 falchion (melded)
 R - a +3 vorpal great sword
 X - a +4 long sword
Missiles
 E - a throwing net (quivered)
Armour
 b - a +0 pair of gloves (melded)
 t - a scarf of resistance
 x - a +2 cloak of poison resistance (melded)
 K - the +4 ring mail of Puehuato {Str+2}
   (You found it on level 7 of the Dungeon)

   Str:       It affects your strength (+2).
 L - the +9 chain mail of Oblivion (melded) {Dex+3}
   (You found it on level 7 of the Dungeon)

   Dex:       It affects your dexterity (+3).
 M - the +0 leather armour "Owohaan" {rElec rF+ rCorr Dex+6}
   (You found it on level 7 of the Dungeon)

   Dex:       It affects your dexterity (+6).
   rF:        It protects you from fire.
   rElec:     It insulates you from electricity.
   rCorr:     It protects you from acid and corrosion.
 P - a +1 pair of boots (melded)
Jewellery
 c - a +4 ring of evasion
 i - a +6 ring of dexterity (melded)
 l - a +4 ring of slaying (melded)
 m - a +6 ring of strength
 u - a ring of willpower
 A - a ring of see invisible
 B - an amulet of faith (around neck)
 I - a ring of flight
 J - the ring of Taxzagah {rC+ Int+4 Dex+6 Slay-5}
   (You found it on level 7 of the Dungeon)

   [ring of dexterity]

   Int:       It affects your intelligence (+4).
   Dex:       It affects your dexterity (+6).
   Slay:      It affects your accuracy & damage with ranged weapons and melee
   (-5).
   rC:        It protects you from cold.
 O - a +6 ring of strength
Wands
 e - a wand of digging (9)
 v - a wand of polymorph (3)
 y - a wand of paralysis (6)
 H - a wand of iceblast (14)
 N - a wand of acid (21)
 S - a wand of flame (15)
Scrolls
 d - a scroll of enchant weapon
 f - a scroll of vulnerability
 g - a scroll of noise
 p - a scroll of holy word
 s - 4 scrolls of teleportation
 C - 3 scrolls of fog
 G - a scroll of magic mapping
 T - 2 scrolls of immolation
 U - a scroll of fear
 V - a scroll of summoning
 Y - a scroll of identify
Potions
 h - 2 potions of ambrosia
 j - 3 potions of heal wounds
 k - 3 potions of lignification
 n - 2 potions of berserk rage
 o - a potion of brilliance
 q - a potion of magic
 r - 6 potions of curing
 w - 3 potions of might
 z - a potion of mutation
 D - 2 potions of attraction {unknown}
 F - 2 potions of invisibility {unknown}
 Q - a potion of haste
 W - 2 potions of degeneration {unknown}


   Skills:
 + Level 11.1 Fighting
 + Level 11.1 Long Blades
 + Level 10.1 Armour
 + Level 10.1 Dodging


You had 12 spell levels left.
You didn't know any spells.
Your spell library contained the following spells:

 Spells                   Type           Power      Damage    Failure   Level
 Conjure Flame            Conj/Fire      0%         6-21      80%         3
 Ignite Poison            Fire/Tmut/Pois 0%         N/A       80%         3
 Sticky Flame             Conj/Fire      0%         2d3       99%         4


Dungeon Overview and Level Annotations

Branches:
Dungeon (10/15)            Temple (1/1) D:5            Lair (3/6) D:10
  Swamp (0/4) Lair:2        Slime (0/5) Lair:6          Orc (0/2) D:9
  Snake: Lair:2-4    Spider: Lair:2-4

Altars:
Ashenzari
Cheibriados
Dithmenos
Elyvilon
Fedhas
Gozag
Hepliaklqana
Kikubaaqudgha
Makhleb
Nemelex Xobeh
Okawaru
Qazlal
Ru
Sif Muna
Trog
Uskayaw
Vehumet
Wu Jian
Xom
Yredelemnul
Zin
The Shining One
Beogh

Annotations:
Lair:6 Kirke


Innate Abilities, Weirdness & Mutations

You are a filthy swine.
You move quickly.
Your equipment is almost entirely melded.
You are incapable of wielding weapons or throwing items.
You cannot cast spells.
((You have razor-sharp teeth.))
Your natural rate of healing is unusually fast.
When hurt, damage is shared between your health and your magic reserves.
((Your bite disrupts and absorbs the magic of your enemies.))
Potions cannot restore your health.


Message History

The rime drake barely misses you.
You bite Kirke!
Kirke is heavily wounded.
You closely miss Kirke.
Kirke is heavily wounded.
The hog bites you! The hog completely misses you. Kirke hits you!
The lindwurm barely misses you. The lindwurm claws you!
The lindwurm barely misses you. The rime drake bites you.
You bite Kirke!
Kirke is severely wounded.
The hog closely misses you. The hog bites you!
* * * LOW HITPOINT WARNING * * *
You hit Kirke.
Kirke is severely wounded.
The ice encasing you melts away.
Kirke wildly gestures.
Kirke's hands start to glow.
Kirke gestures at you while chanting.
You feel a momentary urge to oink. The rime drake completely misses you.
The lindwurm bites you. The lindwurm claws you.
* * * LOW HITPOINT WARNING * * *
The lindwurm claws you!
* * * LOW HITPOINT WARNING * * *
The hog bites you.
* * * LOW HITPOINT WARNING * * *
You bite Kirke!
Kirke is severely wounded.
The hog completely misses you. The rime drake breathes ice at you.
The flash freeze hits you!
* * * LOW HITPOINT WARNING * * *
You are encased in ice.
Kirke gestures at you while chanting. You resist with some effort.
You barely miss Kirke.
Kirke is severely wounded.
The hog barely misses you. The lindwurm barely misses you.
The lindwurm claws you.
* * * LOW HITPOINT WARNING * * *
The lindwurm claws you!
You die...

..............P.....
..............P......
..............P......
.....................
.....................
......#.........#P.#.
.....≈≈≈..P.....#...#...
....#.hkh†.....P.##.....
......@h...............P
......k.......PP..#.....
...≈≈≈≈≈......PP....#...
...≈P≈≈≈................
...D≈≈≈≈.P.......≈≈≈≈≈≈.
..........P......≈≈≈≈≈≈.
.........P.......≈≈≈≈≈≈.
..........P......≈≈≈≈≈≈.
..................


You could see Kirke, an eight-headed hydra, a lindwurm (summoned), 2 hogs and a
rime drake (catching breath).

Vanquished Creatures
  The ghost of demivan the Severer, a journeyman MiFi of Ru (Lair:2)
  Fannar (Lair:3)
  2 hydras
  A catoblepas (Lair:6)
  A two-headed ogre (D:8)
  A bog body (Lair:2)
  Pikel (D:8)
  A manticore (D:7)
  A moth of wrath (D:7)
  4 black mambas
  Joseph (D:8)
  2 torpor snails
  4 cane toads
  A rime drake (Lair:2)
  5 komodo dragons
  3 trolls (D:10)
  4 polar bears
  A slime creature (D:7)
  6 hornets
  9 dream sheep (Lair:6)
  6 blink frogs
  Sigmund (D:4)
  A shadow (D:7)
  16 spriggans (Lair:6)
  2 vampires
  5 wyverns
  5 basilisks
  26 yaks
  2 hogs (Lair:6)
  6 vampire mosquitoes
  9 water moccasins
  4 orc warriors
  3 sky beasts
  5 black bears
  2 ice beasts
  A hornet zombie (D:7)
  4 necrophages
  3 boggarts (Lair:6)
  24 wolves
  3 ogres
  3 centaurs
  2 lemures (D:8)
  2 phantoms (D:4)
  A kobold brigand (D:8)
  A scorpion (D:4)
  2 gnoll sergeants
  11 bullfrogs
  A wyvern zombie (D:8)
  A killer bee (D:7)
  5 wights (D:9)
  3 howler monkeys (D:9)
  An electric eel (D:10)
  5 hounds
  A centaur zombie (D:7)
  2 centaur skeletons
  2 jellies (D:7)
  Crazy Yiuf (D:4)
  7 orc priests
  A bullfrog skeleton (D:7)
  4 iguanas (D:5)
  14 orc wizards
  A scorpion zombie (D:5)
  2 killer bee zombies (D:7)
  A hound zombie (D:5)
  3 howler monkey zombies
  5 adders
  13 gnolls
  4 shadow imps
  3 white imps
  2 worms
  29 orcs
  11 endoplasms
  4 giant cockroaches
  7 goblins
  5 hobgoblins
  8 quokkas
  7 ball pythons
  11 bats
  5 frilled lizards
  14 kobolds
  4 rats
387 creatures vanquished.

Vanquished Creatures (collateral kills)
  2 hydras (Lair:2)
  The ghost of kuniqs the Slasher, an amateur DgGl (D:7)
  A water moccasin (Lair:2)
  2 ice beasts (D:7)
  A bullfrog (Lair:2)
7 creatures vanquished.

Vanquished Creatures (others)
  A hydra (D:7)
  A bush (Lair:6)
  A fire vortex (Lair:6)
  17 fungi
  10 plants
30 creatures vanquished.

Grand Total: 424 creatures vanquished

Notes
Turn   | Place    | Note
-------+----------+-------------------------------------------
     0 | D:1      | FIQ the Vine Stalker Berserker began the quest for the Orb.
     0 | D:1      | Reached XP level 1. HP: 11/11 MP: 2/2
   252 | D:1      | Reached XP level 2. HP: 9/16 MP: 1/3
   700 | D:1      | Reached XP level 3. HP: 20/20 MP: 4/4
  1035 | D:1      | Found a faded altar of an unknown god.
  1232 | D:2      | Found a shimmering altar of Xom.
  1418 | D:2      | Reached ** piety under Trog
  1803 | D:2      | Gained mutation: Your natural rate of healing is unusually
                  | fast. [Vine Stalker growth]
  1803 | D:2      | Reached XP level 4. HP: 21/24 MP: 5/5
  2421 | D:3      | Noticed a necrophage
  2430 | D:3      | Killed a necrophage
  2431 | D:3      | Reached XP level 5. HP: 28/28 MP: 6/6
  3063 | D:4      | Reached XP level 6. HP: 33/33 MP: 5/7
  3105 | D:4      | Reached *** piety under Trog
  3187 | D:4      | Reached XP level 7. HP: 27/37 MP: 8/8
  3276 | D:4      | Found a runed translucent door.
  3277 | D:4      | Noticed Crazy Yiuf
  3647 | D:4      | Noticed Sigmund
  3663 | D:4      | Killed Sigmund
  3839 | D:4      | Killed Crazy Yiuf
  3916 | D:5      | Entered Level 5 of the Dungeon
  4061 | D:5      | Gained mutation: You have razor-sharp teeth. [Vine Stalker
                  | growth]
  4061 | D:5      | Reached XP level 8. HP: 42/42 MP: 9/9
  4079 | D:5      | Reached skill level 5 in Fighting
  4079 | D:5      | Reached skill level 5 in Long Blades
  4516 | D:5      | Found a staircase to the Ecumenical Temple.
  4537 | Temple   | Entered the Ecumenical Temple
  5103 | D:6      | Reached **** piety under Trog
  5104 | D:6      | Reached XP level 9. HP: 48/48 MP: 10/10
  5137 | D:6      | Reached skill level 5 in Armour
  5137 | D:6      | Reached skill level 5 in Dodging
  5629 | D:7      | Noticed a hornet
  5634 | D:7      | Killed a hornet
  6098 | D:7      | Noticed an eight-headed hydra
  6104 | D:7      | Reached ***** piety under Trog
  6105 | D:7      | Reached XP level 10. HP: 53/53 MP: 11/11
  6110 | D:7      | Killed an eight-headed hydra
  6214 | D:7      | Found a transporter.
  6219 | D:7      | Noticed kuniqs's ghost (amateur DgGl)
  6221 | D:7      | Noticed a moth of wrath
  6249 | D:7      | Found a transporter.
  6284 | D:7      | Killed kuniqs's ghost
  6287 | D:7      | Killed a moth of wrath
  6297 | D:7      | Identified the ring of Taxzagah {rC+ Int+4 Dex+6 Slay-5}
  6307 | D:7      | Identified the +4 ring mail of Puehuato {Str+2}
  6500 | D:7      | Noticed a manticore
  6508 | D:7      | Killed a manticore
  6517 | D:7      | Identified the +0 leather armour "Owohaan" {rElec rF+ rCorr
                  | Dex+6}
  6517 | D:7      | Identified the +9 chain mail of Oblivion {Dex+3}
  6517 | D:7      | Identified the +7 whip of Upheaval {pain, rF++ Str+6 Int-2}
  6805 | D:8      | Noticed a two-headed ogre
  6854 | D:8      | Killed a two-headed ogre
  6855 | D:8      | Reached XP level 11. HP: 60/60 MP: 12/12
  6979 | D:8      | Noticed Joseph
  6984 | D:8      | Killed Joseph
  7200 | D:8      | Noticed Pikel
  7217 | D:8      | Killed Pikel
  7654 | D:9      | Found a hide-covered altar of Uskayaw.
  7680 | D:9      | Found a staircase to the Orcish Mines.
  8244 | D:10     | Entered Level 10 of the Dungeon
  8301 | D:10     | Received a gift from Trog
  8479 | D:10     | Found a staircase to the Lair.
  8957 | Lair:1   | Entered Level 1 of the Lair of Beasts
  9204 | Lair:1   | Reached XP level 12. HP: 50/66 MP: 13/13
  9998 | Lair:2   | Noticed a four-headed hydra
 10004 | Lair:2   | Killed a three-headed hydra
 10365 | Lair:2   | Found a staircase to the Swamp.
 10406 | Lair:2   | Received a gift from Trog
 10487 | Lair:2   | Noticed a five-headed hydra
 10495 | Lair:2   | Killed a five-headed hydra
 10739 | Lair:2   | Reached skill level 10 in Fighting
 10743 | Lair:2   | Reached skill level 10 in Long Blades
 10899 | Lair:2   | Found a runed translucent door.
 10902 | Lair:2   | Noticed demivan's ghost (journeyman MiFi)
 10943 | Lair:2   | Killed demivan's ghost
 10947 | Lair:2   | Identified the +11 hunting sling "Mehoroi" {venom, rC+
                  | rCorr Int-3}
 11083 | Lair:3   | Noticed a four-headed hydra
 11094 | Lair:3   | Killed a seven-headed hydra
 11169 | Lair:3   | Noticed Fannar
 11189 | Lair:3   | Killed Fannar
 11190 | Lair:3   | Reached XP level 13. HP: 72/72 MP: 14/14
 11217 | Lair:3   | You fall into a shaft and drop 3 floors!
 11217 | Lair:6   | Entered Level 6 of the Lair of Beasts
 11386 | Lair:6   | Received a gift from Trog
 11547 | Lair:6   | Reached skill level 10 in Dodging
 11618 | Lair:6   | Reached skill level 10 in Armour
 11661 | Lair:6   | Found a staircase to the Slime Pits.
 11740 | Lair:6   | Noticed Kirke
 11759 | Lair:6   | HP: 4/111 [lindwurm[Kirke] (6)]
 11759 | Lair:6   | Slain by a lindwurm

Illustrated notes

Levels and vault maps discovered:
D:1:      dpeg_arrival_shelter, layout_rooms,
          hellmonk_ecumenical_altar_heavens_door
D:2:      layout_basic, basic_altar, minmay_heptomino_h4
D:3:      layout_basic, grunt_ministairs_9
D:4:      layout_gridville, uniq_sigmund, uniq_crazy_yiuf_cottage
D:5:      layout_loops_corners, minmay_temple_entry_enclosed_plants
D:6:      layout_basic
D:7:      minmay_the_grid_plus_closed [minmay_the_grid_spin_star,
          minmay_the_grid_all_tris, minmay_the_grid_minigrid_small_alt,
          minmay_the_grid_stretched_grid,
          minmay_the_grid_prize_shrinking_boxes], layout_loops_ring,
          gammafunk_ghost_berserking_beasts, hex_medium,
          chequers_serial_rivers_marsh
D:8:      layout_loops_ring, grunt_ministairs_13, minmay_crossroads, uniq_pikel,
          uniq_joseph
D:9:      layout_small_grid, kennysheep_little_box,
          minmay_orc_entry_temple_small
D:10:     layout_loops_cross, erik_lair_island
Temple:   dpeg_three_leaves_temple
Lair:1:   layout_roguey
Lair:2:   layout_layer_cave, skrybe_swamp_entry_bodies,
          ebering_ghost_inner_flame, beast_lair_carwin_9
Lair:3:   layout_cave_shapes, eino_small_chamber_without_monster,
          serial_bayou_shore_b, grunt_megastairs_2, uniq_nergalle, uniq_fannar
Lair:6:   minmay_lair_end_enchanted_forest, layout_gridlike, slime_dummy,
          columned_hall_lemuel, chequers_serial_rivers_micro_c, uniq_kirke

Skill      XL: |  1  2  3  4  5  6  7  8  9 10 11 12 13 |
---------------+----------------------------------------+-----
Fighting       | 3 4 5 6 8 9 10 11 | 11.1
Long Blades    | 3 4 5 6 8 9 10 11 | 11.1
Dodging        | 2 3 4 5 7 8 9 10 | 10.1
Armour         | 2 3 4 6 7 8 9 10 | 10.1

Action                   |  1- 3 |  4- 6 |  7- 9 | 10-12 | 13-15 || total
-------------------------+-------+-------+-------+-------+-------++-------
Melee: Falchion          |    85 |   100 |   187 |   358 |   204 ||   934
       Bite              |    27 |    38 |   111 |   229 |   125 ||   530
       Unarmed           |       |       |       |       |    10 ||    10
Invok: Berserk           |     3 |     3 |     9 |    21 |     6 ||    42
       Brothers in Arms  |       |       |       |     4 |       ||     4
       Trog's Hand       |       |       |       |     2 |       ||     2
  Use: Scroll            |       |       |     6 |    17 |       ||    23
       Potion            |       |       |       |     2 |       ||     2
 Stab: Petrified         |       |       |       |       |     4 ||     4
Armor: Animal skin       |    25 |     9 |       |       |       ||    34
       Ring mail         |       |     7 |    68 |    11 |       ||    86
       Chain mail        |       |       |       |   176 |   108 ||   284
Dodge: Dodged            |    68 |    55 |   138 |   237 |   169 ||   667
       Rpst.: Falchion   |    27 |    17 |    44 |    70 |    36 ||   194
